 Dungeon Crawl Stone Soup version 0.31.0-9-g3a7656b989 (webtiles) character file.

Game seed: 7938710124638270201

1206 qw the Skirmisher (level 8, 0/46 HPs)
             Began as a Deep Elf Hunter on Feb 2, 2024.
             Incinerated by a bombardier beetle (6 damage)
             ... with a burning spray
             ... on level 6 of the Dungeon.
             The game lasted 00:00:17 (3626 turns).

qw the Skirmisher (Deep Elf Hunter)                 Turns: 3626, Time: 00:00:18

Health: 0/46       AC:  8    Str: 10    XL:     8   Next: 21%
Magic:  10/10      EV: 11    Int: 13    God:
Gold:   197        SH:  0    Dex: 16    Spells: 7/7 levels left

rFire   . . .        l - +8 longbow of Calculation {heavy, Stlth+}
rCold   . . .        (shield currently unavailable)
rNeg    . . .        e - +0 ring mail
rPois   .            p - +2 hat
rElec   .            (no cloak)
rCorr   .            (no gloves)
SInv    .            c - +0 pair of boots
Will    .....        (no amulet)
Stlth   +            (no ring)
HPRegen 0.27/turn    (no ring)
MPRegen 0.12/turn

%: no passive effects
@: on fire, glowing
A: antennae 1, clumsy 1, dopey 1
a: no special abilities


You were on level 6 of the Dungeon.
You visited 1 branch of the dungeon, and saw 6 of its levels.
You also visited: Sewer.

You collected 197 gold pieces.


Innate Abilities, Weirdness & Mutations

You have a pair of small antennae on your head.
You are clumsy. (Dex -2)
You are dopey. (Int -2)


   Skills:
 - Level 3.0 Fighting
 + Level 12.7 Ranged Weapons
 - Level 1.0 Armour
 - Level 3.3 Dodging
 - Level 1.2 Stealth


You had 7 spell levels left.
You didn't know any spells.
Your spell library was empty.

Inventory:

Hand Weapons
 l - the +8 longbow of Calculation (weapon) {heavy, Stlth+}
   (You acquired it on level 4 of the Dungeon)

   Stlth+:    It makes you more stealthy.
Armour
 c - a +0 pair of boots (worn)
 e - a +0 ring mail (worn)
 n - a +2 ring mail of willpower
 p - a +2 hat (worn)
Wands
 g - a wand of charming (10)
Scrolls
 o - 6 scrolls of teleportation
Potions
 a - 3 potions of curing
 b - a potion of resistance {unknown}
 d - 2 potions of haste
 f - a potion of invisibility {unknown}
 h - a potion of heal wounds
 i - a potion of magic {unknown}
 j - a potion of brilliance {unknown}
 k - 2 potions of mutation
 m - a potion of experience {unknown}

Dungeon Overview and Level Annotations

Branches:
Dungeon (6/15)              Sewer (visited)
 Temple: D:4-7

Altars:
Elyvilon
Kikubaaqudgha
Sif Muna
Uskayaw
Vehumet
Wu Jian
The Shining One


Message History

Waypoint 6 assigned to D:6.
3574 ||| PLANNING OSSUARY
n - a +2 ring mail of willpower
Found a robe.
Found a stone staircase leading down.
A scorpion comes into view.
You shoot an arrow. The arrow hits the scorpion!!
You kill the scorpion!
A bombardier beetle comes into view.
Found a stone staircase leading up.
You shoot an arrow.
The arrow barely misses the bombardier beetle.
You shoot an arrow. The arrow hits the bombardier beetle.
The bombardier beetle is lightly wounded.
The bombardier beetle sprays incendiary fluid at you.
The burning spray hits you.
You are covered in liquid fire!
You shoot an arrow. The arrow hits the bombardier beetle!
The bombardier beetle is heavily wounded.
The liquid fire burns you!
You shoot an arrow. The arrow hits the bombardier beetle!!
You kill the bombardier beetle!
The liquid fire burns you!
You are on fire!
You hear the slow hiss of a distant avalanche of sand.
The liquid fire burns you!
You are on fire!
The liquid fire burns you!
You are on fire!
The liquid fire burns you!
You are on fire!
The liquid fire burns you!
You are on fire!
The liquid fire burns you!
You are on fire!
The liquid fire burns you!
You are on fire!
The liquid fire burns you!
You are on fire!
The liquid fire burns you!
You die...

#..##### #%# ........
#.# ...# ........ #.#
.<.# ###........ #.#
##...#. #<.#.......
#.# ....... ##..# #.#
....... ##.# #.#
....... #.#
#######.###.......
#.###.........@...%...
#.#....####.###.......
# #.#....##...#
.......
.##.#....##.###
....... ..#.###.##..#
....... #...###.##.##
####### ....##.....#
##.........#
#####.>..##


There were no monsters in sight!

Vanquished Creatures
  Grinder (Sewer)
  An ice beast (D:5)
  A centaur (D:5)
  A kobold brigand (Sewer)
  A scorpion (D:6)
  2 necrophages (Sewer)
  A howler monkey (D:5)
  5 bombardier beetles
  2 hounds (D:5)
  2 orc priests (D:5)
  An orc wizard (D:5)
  An iguana (D:4)
  6 adders
  3 shadow imps (Sewer)
  An ufetubus (Sewer)
  An adder zombie (Sewer)
  2 dart slugs (D:2)
  3 ribbon worms
  6 orcs
  12 ball pythons
  7 endoplasms
  4 giant cockroaches
  5 goblins
  3 hobgoblins
  7 jackals (D:2)
  19 kobolds
  8 quokkas
  9 bats
  2 frilled lizards
  3 rats
120 creatures vanquished.

Notes
Turn   | Place    | Note
-------+----------+-------------------------------------------
     0 | D:1      | qw the Deep Elf Hunter began the quest for the Orb.
     0 | D:1      | Reached XP level 1. HP: 12/12 MP: 3/3
     0 | D:1      | 0 ||| qw: Version: 0.3-a-155-g5e7d8dd
     0 | D:1      | 0 ||| qw: Game counter: 1881
     0 | D:1      | 0 ||| qw: Melee chars always use a shield: true
     0 | D:1      | 0 ||| qw: God list: Okawaru
     0 | D:1      | 0 ||| qw: Allow faded altars: false
     0 | D:1      | 0 ||| qw: Do Orc after clearing Dungeon:15 true
     0 | D:1      | 0 ||| qw: Do second Lair branch before Depths: true
     0 | D:1      | 0 ||| qw: Lair rune preference: random
     0 | D:1      | 0 ||| qw: Goals: Normal
     0 | D:1      | 0 ||| PLANNING D:1-11
   129 | D:1      | Reached XP level 2. HP: 16/16 MP: 4/4
   137 | D:1      | Reached skill level 6 in Ranged Weapons
   565 | D:1      | 565 ||| DROPPING scroll of butterflies.
   591 | D:2      | 591 ||| STAIRDANCE
   597 | D:2      | 597 ||| STAIRDANCE
   603 | D:1      | HP: 3/16 [kobold/+0 whip (3)]
   662 | D:2      | Reached XP level 3. HP: 20/20 MP: 5/5
   675 | D:2      | HP: 5/20 [frozen (2)]
   881 | D:2      | Reached skill level 7 in Ranged Weapons
  1190 | D:2      | 1190 ||| UPGRADING to +0 ring mail.
  1200 | D:2      | 1200 ||| DROPPING +0 leather armour.
  1201 | D:2      | 1201 ||| READING 4 scrolls labelled ZEC UGEDIOVU.
  1201 | D:2      | 1201 ||| IDENTIFYING orange potion
  1202 | D:2      | 1202 ||| READING 3 scrolls of identify.
  1202 | D:2      | 1202 ||| IDENTIFYING fizzy golden potion
  1203 | D:2      | 1203 ||| READING 2 scrolls of identify.
  1203 | D:2      | 1203 ||| IDENTIFYING 2 brown potions
  1204 | D:2      | 1204 ||| READING scroll of identify.
  1204 | D:2      | 1204 ||| IDENTIFYING scroll labelled OLUIMU JAMM
  1205 | D:2      | 1205 ||| READING scroll labelled SAFFISK DOCYT.
  1206 | D:2      | 1206 ||| READING scroll labelled JET RAXTEEMESS.
  1209 | D:2      | 1209 ||| DROPPING potion of lignification.
  1210 | D:2      | 1210 ||| DROPPING scroll of amnesia.
  1225 | D:3      | 1225 ||| PLANNING SEWER
  1230 | D:3      | Found an ornate altar of the Wu Jian Council.
  1293 | D:3      | Found a faded altar of an unknown god.
  1397 | D:3      | Reached XP level 4. HP: 25/25 MP: 6/6
  1597 | D:3      | 1597 ||| FLEEEEING.
  1598 | D:3      | 1598 ||| FLEEEEING.
  1599 | D:3      | 1599 ||| FLEEEEING.
  1600 | D:3      | 1600 ||| FLEEEEING.
  1601 | D:3      | 1601 ||| FLEEEEING.
  1602 | D:3      | 1602 ||| FLEEEEING.
  1603 | D:3      | 1603 ||| FLEEEEING.
  1604 | D:3      | 1604 ||| FLEEEEING.
  1764 | D:3      | Reached skill level 8 in Ranged Weapons
  1764 | D:3      | Found a glowing drain.
  1765 | D:3      | 1765 ||| UPGRADING to +0 pair of boots.
  1770 | D:3      | 1770 ||| DRINKING 2 green potions.
  1771 | D:3      | 1771 ||| DRINKING emerald potion.
  1772 | D:3      | 1772 ||| DROPPING potion of ambrosia.
  1781 | Sewer    | Entered a sewer
  1864 | Sewer    | Reached XP level 5. HP: 29/29 MP: 7/7
  1901 | Sewer    | Found an ancient bone altar of Kikubaaqudgha.
  1919 | Sewer    | Reached skill level 9 in Ranged Weapons
  2022 | Sewer    | Reached XP level 6. HP: 24/36 MP: 8/8
  2071 | Sewer    | Noticed Grinder
  2071 | Sewer    | 2071 ||| DRINKING 2 potions of haste.
  2092 | Sewer    | Paralysed by Grinder for 4 turns
  2102 | Sewer    | Killed Grinder
  2103 | Sewer    | Reached skill level 10 in Ranged Weapons
  2208 | Sewer    | Reached skill level 3 in Dodging
  2208 | Sewer    | Reached XP level 7. HP: 33/40 MP: 9/9
  2273 | Sewer    | 2273 ||| DROPPING ring of flight.
  2274 | Sewer    | 2274 ||| READING scroll labelled ZUWIHA KEENKUU.
  2302 | D:3      | 2302 ||| PLANNING D:1-11
  2359 | D:4      | Found a shimmering blue altar of Sif Muna.
  2359 | D:4      | Found an ancient bone altar of Kikubaaqudgha.
  2362 | D:4      | Found a radiant altar of Vehumet.
  2547 | D:4      | Found a hide-covered altar of Uskayaw.
  2785 | D:4      | Reached skill level 1 in Armour
  2920 | D:4      | 2920 ||| UPGRADING to +2 hat.
  2925 | D:4      | 2925 ||| READING scroll labelled FIL JORORRUO.
  2925 | D:4      | 2925 ||| ENCHANTING +0 shortbow.
  2926 | D:4      | 2926 ||| READING scroll labelled NEHOFEP ROSMUUS.
  2926 | D:4      | Identified a scroll of acquirement
  2926 | D:4      | 2926 ||| ACQUIRING +8 longbow of Calculation {heavy,
                  | Stlth+}
  2926 | D:4      | Acquired the +8 longbow of Calculation {heavy, Stlth+}
  2928 | D:4      | 2928 ||| SWAPPING to +8 longbow of Calculation {heavy,
                  | Stlth+}.
  2929 | D:4      | 2929 ||| DROPPING +1 shortbow.
  2930 | D:4      | 2930 ||| DRINKING 2 golden potions.
  2930 | D:4      | Gained mutation: You have hidden genetic defects. [potion
                  | of mutation]
  2930 | D:4      | Gained mutation: You have a pair of small antennae on your
                  | head. [potion of mutation]
  2942 | D:5      | Entered Level 5 of the Dungeon
  3016 | D:5      | Reached skill level 11 in Ranged Weapons
  3039 | D:5      | Gained mutation: You are dopey. (Int -2) [hidden defects]
  3051 | D:5      | Reached skill level 12 in Ranged Weapons
  3051 | D:5      | Gained mutation: You are clumsy. (Dex -2) [hidden defects]
  3051 | D:5      | Lost mutation: You have hidden genetic defects. [hidden
                  | defects expressed]
  3094 | D:5      | Reached skill level 3 in Fighting
  3094 | D:5      | Reached XP level 8. HP: 46/46 MP: 10/10
  3250 | D:5      | Found a white marble altar of Elyvilon.
  3384 | D:5      | Found a glowing golden altar of the Shining One.
  3455 | D:5      | 3455 ||| READING scroll labelled YBUXKE TIUS.
  3574 | D:6      | 3574 ||| PLANNING OSSUARY
  3624 | D:6      | HP: 10/46 [burnt (3)]
  3626 | D:6      | Incinerated by a bombardier beetle

Levels and vault maps discovered:
D:1:      minmay_arrival_glassed_features, layout_loops_ring
D:2:      layout_rooms
D:3:      layout_rooms, lemuel_crystal_altar, portal_sewer_entry_d,
          ebering_ecumenical_altar_abandoned, grunt_decor_arrowhead
D:4:      layout_layer_cave, grunt_temple_overflow_magic_moments,
          kennysheep_mini, grunt_ministairs_9
D:5:      layout_cave_pools, nicolae_tso_swordbearing_angel,
          mainiacjoe_overflow_paths
D:6:      layout_basic, ashenzari_conservatory_becter,
          minmay_temple_entry_antechambers, chequers_ossuary_entry_cave,
          nicolae_shop_sticking_my_neck_out

Skill      XL: |  1  2  3  4  5  6  7 |
---------------+----------------------+-----
Ranged Weapons | 6 7 8 9 10 12 | 12.7
Fighting       | 2 3 |  3.0
Dodging        | 3 |  3.3
Armour         | 1 |  1.0
Stealth        | |  1.2

Action                     |  1- 3 |  4- 6 |  7- 9 || total
---------------------------+-------+-------+-------++-------
   Fire: Shortbow          |   132 |   148 |    42 ||   322
         Longbow           |       |       |    31 ||    31
    Use: Scroll            |     6 |       |     4 ||    10
         Potion            |       |     3 |     1 ||     4
 Armour: Leather armour    |    32 |       |       ||    32
         Ring mail         |    14 |    61 |     9 ||    84
  Dodge: Dodged            |    48 |    52 |    17 ||   117

Table legend:
 A = Non-vault XP
 B = Vault XP
 C = Vault XP percentage of total XP
 D = Non-vault monster count
 E = Vault monster count
 F = Vault count percentage of total count
                 A         B        C        D         E       F
            +---------+---------+-------+---------+---------+-------
      Total |    1062 |     662 |  38.4 |      87 |      33 |  27.5
            +---------+---------+-------+---------+---------+-------
        D:1 |      38 |       0 |   0.0 |      23 |       0 |   0.0
        D:2 |      45 |       0 |   0.0 |      21 |       0 |   0.0
        D:3 |      65 |      13 |  16.7 |      19 |       1 |   5.0
        D:4 |      48 |      15 |  23.8 |       7 |       2 |  22.2
        D:5 |     730 |       0 |   0.0 |      15 |       0 |   0.0
        D:6 |     136 |       0 |   0.0 |       2 |       0 |   0.0
      Sewer |       0 |     634 | 100.0 |       0 |      30 | 100.0
            +---------+---------+-------+---------+---------+-------
